 Dungeon Crawl Stone Soup version coffee-0.2.0 (webtiles) character file.

Game seed: 1048509912259778977, levelgen mode: deterministic

9035 Dorkslayer the Basher (level 11, -2/83 HPs)
             Began as a Human Fighter on Sept 26, 2020.
             Was a High Priest of Okawaru.
             Slain by a komodo dragon (16 damage)
             ... on level 10 of the Dungeon.
             The game lasted 00:27:42 (6530 turns).

Dorkslayer the Basher (Human Fighter)               Turns: 6530, Time: 00:27:42

Health: -2/83      AC: 29    Str: 19    XL:     11   Next: 66%
Magic:  10/16      EV: 12    Int: 12    God:    Okawaru [*****.]
Gold:   560        SH:  0    Dex: 14    Spells: 10/10 levels left

rFire    . . .     SeeInvis .   m - +8 dire flail of the Salmon {flame, rC+}
rCold    + . .     Gourm    +   (shield currently unavailable)
rNeg     . . .     Faith    .   w - +3 plate armour
rPois    +         Spirit   .   x - +0 helmet
rElec    .         Reflect  .   l - +0 cloak
rCorr    .         Harm     .   (no gloves)
MR       .....                  G - +1 pair of boots "Akoyt" {rPois Int+4}
Stlth    ..........             k - amulet of the gourmand
HPRegen  0.23/turn              n - +5 ring of protection
MPRegen  0.15/turn              F - ring of poison resistance

@: confused, vulnerable, heroism, finesse, hasted, very quick
A: no striking features
a: Heroism, Finesse, Renounce Religion


You were on level 10 of the Dungeon.
You worshipped Okawaru.
Okawaru was extremely pleased with you.
You were very full.

You visited 2 branches of the dungeon, and saw 11 of its levels.

You collected 560 gold pieces.

Inventory:

Hand Weapons
 m - the +8 dire flail of the Salmon (weapon) {flame, rC+}
   (You found it on level 2 of the Dungeon)

   It has been specially enchanted to burn those struck by it, causing extra
   injury to most foes and up to half again as much damage against particularly
   susceptible opponents.
   It protects you from cold.
 E - a cursed +5 long sword of freezing
Missiles
 a - 7 datura-tipped darts
 L - a throwing net (quivered)
Armour
 c - a +0 kite shield
 l - a +0 cloak (worn)
 w - a +3 plate armour (worn)
 x - a +0 helmet (worn)
 G - the +1 pair of boots "Akoyt" (worn) {rPois Int+4}
   (You found it on level 9 of the Dungeon)

   It affects your intelligence (+4).
   It protects you from poison.
Jewellery
 k - an amulet of the gourmand (around neck)
 n - a +5 ring of protection (left hand)
 F - a ring of poison resistance (right hand)
Wands
 u - a wand of flame (59)
 y - a wand of iceblast (5)
 B - a wand of acid (9)
 K - a wand of polymorph (8)
Scrolls
 j - 3 scrolls of remove curse
 p - 6 scrolls of teleportation
 q - 2 scrolls of enchant armour
 s - a scroll of summoning
 t - a scroll of fog
 v - 4 scrolls of blinking
 A - 2 scrolls of amnesia
 C - 2 scrolls of immolation
 D - 2 scrolls of enchant weapon
 H - 2 scrolls of brand weapon
Potions
 b - a potion of haste
 d - 2 potions of might
 g - 2 potions of brilliance
 h - a potion of flight
 i - a potion of berserk rage
 r - a potion of resistance
 z - a potion of stabbing
Miscellaneous
 e - a lamp of fire (inert)
Comestibles
 f - 16 rations
 I - 3 chunks of flesh


   Skills:
 + Level 6.8(13.5) Fighting
 + Level 2.9(12.5) Long Blades
 + Level 10.8(16.0) Maces & Flails
 + Level 0.7(5.7) Throwing
 + Level 6.4(13.3) Armour
 + Level 2.0(11.8) Dodging
 + Level 3.7(12.2) Shields
 * Level 7.9(9.3) Invocations
 * Level 6.8(8.3) Evocations


You had 10 spell levels left.
You didn't know any spells.
Your spell library contained the following spells:

 Spells                   Type           Power        Failure   Level  Hunger
 Sandblast                Erth           ###...       16%         1    None
 Passwall                 Tmut/Erth      ##......     67%         2    ##.....
 Stone Arrow              Conj/Erth      ##....       88%         3    ###....
 Animate Skeleton         Necr           N/A          95%         1    None
 Apportation              Tloc           #.....       95%         1    None
 Corona                   Hex            #......      95%         1    None
 Magic Dart               Conj           #...         95%         1    None
 Summon Small Mammal      Summ           #...         95%         1    None
 Ensorcelled Hibernation  Hex/Ice        #.....       95%         2    ##.....
 Blink                    Tloc           N/A          98%         2    ##.....
 Call Imp                 Summ           #.......     98%         2    ##.....
 Poisonous Vapours        Pois/Air       #.....       98%         2    ##.....
 Slow                     Hex            #.......     98%         2    ##.....
 Leda's Liquefaction      Hex/Erth       ##........   99%         4    ####...
 Petrify                  Tmut/Erth      ##......     99%         4    ####...
 Lee's Rapid Deconstruct  Erth           ###.......   99%         5    ######.
 Call Canine Familiar     Summ           #.......     100%        3    ###....
 Confusing Touch          Hex            #.......     100%        3    ###....
 Conjure Flame            Conj/Fire      #.......     100%        3    ###....
 Dazzling Flash           Conj/Hex       #.....       100%        3    ###....
 Gell's Gravitas          Tloc           #.........   100%        3    ###....
 Mephitic Cloud           Conj/Pois/Air  #.......     100%        3    ###....
 Summon Guardian Golem    Hex/Summ       #.......     100%        3    ###....
 Tukima's Dance           Hex            #.......     100%        3    ###....
 Ice Form                 Ice/Tmut       #.......     100%        4    ####...
 Summon Ice Beast         Ice/Summ       #.......     100%        4    ####...
 Summon Lightning Spire   Summ/Air       #.......     100%        4    ####...
 Bolt of Magma            Conj/Fire/Erth #.........   100%        5    ######.
 Metabolic Englaciation   Hex/Ice        #.........   100%        5    ######.
 Yara's Violent Unravell  Hex/Tmut       #.........   100%        5    ######.
 Freezing Cloud           Conj/Ice/Air   #.........   100%        6    #######
 Iron Shot                Conj/Erth      ##........   100%        6    #######
 Ozocubu's Refrigeration  Ice            #.........   100%        6    #######
 Simulacrum               Ice/Necr       #.........   100%        6    #######
 Statue Form              Tmut/Erth      ##.......    100%        6    #######
 Ring of Flames           Chrm/Fire      #.........   100%        7    #######
 Shatter                  Erth           ###.......   100%        9    #######


Dungeon Overview and Level Annotations

Branches:
Dungeon (10/10)            Temple (1/1) D:2
    Zot: D:10

Altars:
Ashenzari
Cheibriados
Elyvilon
Fedhas
Gozag
Hepliaklqana
Kikubaaqudgha
Makhleb
Nemelex Xobeh
Okawaru
Qazlal
Ru
Sif Muna
Uskayaw
Vehumet
Wu Jian
Xom
Zin
The Shining One

Shops:
D:7 *


Message History

You're too confused to move!
The phantasmal warrior barely misses you.
The komodo dragon bites you! The stone giant barely misses you.
You thump the komodo dragon! You burn the komodo dragon.
The komodo dragon is moderately wounded.
The hell knight casts a spell at you. The puff of flame misses you.
The sky beast hits you but does no damage.
Unknown command.
You puncture the stone giant! You burn the stone giant.
The stone giant is heavily wounded.
The sphinx casts a spell.
You barely resist.
Unknown command.
You're too confused to move!
The hell knight hits you with a +2 scimitar!
The phantasmal warrior hits you!
* * * LOW HITPOINT WARNING * * *
The komodo dragon bites you!
You die...

#.............##.≈
#.............#..≈
#..
#.............#..≈
#..
#.............####
#... #.............#
#... #.............#
#....#.....†.†.....#
#....##Y####†#######
##...HH@CZ...........
#''''DlpW''.........#
#'+++'CDT''.........#
+'''D'+'.........#
+....'+'#........#
+'..$.'+'#........#
++.$$.'+'#.........
'....++'#.........
++++++++'# .....


You could see 2 sphinxes, a hell knight, a stone giant, a deep troll, a storm
dragon, a phantasmal warrior, a frost giant, a komodo dragon, 2 fire dragons, a
sky beast and a bullfrog zombie.

Vanquished Creatures
  2 two-headed ogres (D:9)
  A flayed ghost (D:10)
  A manticore (D:9)
  Joseph (D:8)
  2 trolls
  A merfolk (D:10)
  A hippogriff (D:10)
  Grum (D:8)
  Edmund (D:4)
  An orc warrior (D:6)
  A black bear (D:8)
  3 phantoms
  2 necrophages
  5 sky beasts
  11 ogres
  The ghost of z3211 the Firebug, an amateur DrFE (D:3)
  4 centaurs
  2 wolves (D:8)
  A big kobold (D:7)
  6 bullfrogs
  2 wyvern skeletons
  7 scorpions
  11 killer bees
  10 wights
  2 bullfrog zombies
  2 crimson imps
  A centaur zombie (D:9)
  A quasit (D:8)
  A bullfrog skeleton (D:5)
  2 centaur skeletons
  3 jellies
  2 orc priests
  A hound (D:5)
  2 orc wizards (D:6)
  An iguana (D:9)
  7 worker ants
  A killer bee zombie (D:6)
  A hound zombie (D:5)
  2 worker ant zombies (D:5)
  Robin (D:4)
  8 adders
  3 shadow imps
  An ooze (D:3)
  A worm (D:3)
  A leopard gecko (D:4)
  16 orcs
  A ball python (D:2)
  7 bats
  2 bat zombies (D:6)
  13 giant cockroaches (D:2)
  19 goblins
  7 hobgoblins
  4 jackals (D:3)
  2 quokkas
  A frilled lizard (D:2)
  18 kobolds
  14 rats
  2 rat zombies (D:6)
228 creatures vanquished.

Vanquished Creatures (collateral kills)
  A flayed ghost (D:10)
1 creature vanquished.

Grand Total: 229 creatures vanquished

Notes
Turn   | Place    | Note
-------+----------+-------------------------------------------
     0 | D:1      | Dorkslayer the Human Fighter began the quest for the Orb.
     0 | D:1      | Reached XP level 1. HP: 18/18 MP: 1/1
    65 | D:1      | Reached XP level 2. HP: 20/24 MP: 2/2
   396 | D:1      | Found a sparkling altar of Nemelex Xobeh.
   716 | D:2      | Reached XP level 3. HP: 24/29 MP: 3/3
   987 | D:2      | Reached XP level 4. HP: 35/35 MP: 4/4
  1024 | D:2      | Found a staircase to the Ecumenical Temple.
  1038 | Temple   | Entered the Ecumenical Temple
  1049 | Temple   | Became a worshipper of Warmaster Okawaru
  1101 | D:2      | Got the +8 dire flail of the Salmon {flame, rC+}
  1180 | D:2      | Reached skill level 1 in Evocations
  1617 | D:3      | Reached XP level 5. HP: 40/41 MP: 4/6
  1635 | D:3      | Found a transporter.
  1645 | D:3      | Reached skill level 1 in Maces & Flails
  1747 | D:3      | Noticed z3211's ghost (amateur DrFE)
  1748 | D:3      | Noticed an ogre
  1748 | D:3      | Noticed an ogre
  1749 | D:3      | Noticed an ogre
  1752 | D:3      | Found a transporter.
  1769 | D:3      | Found a hide-covered altar of Uskayaw.
  1769 | D:3      | Found a burning altar of Makhleb.
  1838 | D:3      | Reached skill level 1 in Dodging
  1902 | D:3      | Found a glowing golden altar of the Shining One.
  1976 | D:3      | Reached skill level 2 in Maces & Flails
  2194 | D:3      | Killed z3211's ghost
  2194 | D:3      | Reached * piety under Okawaru
  2194 | D:3      | Reached skill level 1 in Invocations
  2194 | D:3      | Reached XP level 6. HP: 47/47 MP: 7/7
  2199 | D:3      | Killed an ogre
  2199 | D:3      | Reached skill level 3 in Maces & Flails
  2204 | D:3      | Killed an ogre
  2204 | D:3      | Reached XP level 7. HP: 50/52 MP: 8/8
  2348 | D:4      | Noticed Robin
  2374 | D:4      | Killed Robin
  2374 | D:4      | Reached skill level 4 in Maces & Flails
  2450 | D:4      | Reached ** piety under Okawaru
  2510 | D:4      | Noticed Edmund
  2525 | D:4      | Killed Edmund
  2525 | D:4      | Reached XP level 8. HP: 56/60 MP: 10/10
  2863 | D:5      | Entered Level 5 of the Dungeon
  2926 | D:5      | Reached skill level 5 in Maces & Flails
  3058 | D:5      | Reached *** piety under Okawaru
  3138 | D:5      | Found a sacrificial altar of Ru.
  3185 | D:5      | Reached skill level 6 in Maces & Flails
  3199 | D:5      | Reached XP level 9. HP: 44/65 MP: 12/12
  3454 | D:5      | Reached skill level 7 in Maces & Flails
  3497 | D:5      | Reached **** piety under Okawaru
  3567 | D:6      | Found a snail-covered altar of Cheibriados.
  3627 | D:6      | Reached skill level 5 in Invocations
  3770 | D:6      | Reached skill level 5 in Armour
  3869 | D:6      | Reached skill level 8 in Maces & Flails
  3993 | D:6      | Reached skill level 5 in Fighting
  3999 | D:6      | Found an ancient bone altar of Kikubaaqudgha.
  4126 | D:7      | Reached skill level 5 in Evocations
  4126 | D:7      | Reached XP level 10. HP: 74/74 MP: 13/13
  4275 | D:7      | Found Komebef's Assorted Antiques.
  4365 | D:7      | Reached ***** piety under Okawaru
  4887 | D:7      | Reached skill level 9 in Maces & Flails
  4960 | D:7      | Found a shimmering blue altar of Sif Muna.
  5030 | D:8      | Noticed Grum
  5048 | D:8      | Received a gift from Okawaru
  5052 | D:8      | Killed Grum
  5313 | D:8      | Noticed Joseph
  5326 | D:8      | Killed Joseph
  5552 | D:9      | Got the +1 pair of boots "Akoyt" {rPois Int+4}
  5754 | D:9      | Noticed a two-headed ogre
  5762 | D:9      | Killed a two-headed ogre
  5762 | D:9      | Reached skill level 10 in Maces & Flails
  5762 | D:9      | Reached XP level 11. HP: 80/81 MP: 16/16
  6076 | D:9      | Noticed a two-headed ogre
  6078 | D:9      | Noticed a purple ugly thing
  6093 | D:9      | Noticed a manticore
  6103 | D:9      | Killed a manticore
  6362 | D:9      | Killed a two-headed ogre
  6362 | D:9      | Received a gift from Okawaru
  6379 | D:10     | Entered Level 10 of the Dungeon
  6479 | D:10     | Found a huge runed gate.
  6479 | D:10     | Found a huge runed gate.
  6479 | D:10     | Found a huge runed gate.
  6500 | D:10     | Found a huge runed gate.
  6500 | D:10     | Found a huge runed gate.
  6500 | D:10     | Found a huge runed gate.
  6500 | D:10     | Found a huge runed gate.
  6500 | D:10     | Found a huge runed gate.
  6502 | D:10     | Found a huge runed gate.
  6503 | D:10     | Found a huge runed gate.
  6516 | D:10     | Noticed a hell knight
  6516 | D:10     | Noticed a stone giant
  6516 | D:10     | Noticed a flayed ghost
  6516 | D:10     | Noticed a sphinx
  6516 | D:10     | Noticed a frost giant
  6516 | D:10     | Noticed a deep troll
  6516 | D:10     | Noticed a flayed ghost
  6516 | D:10     | Noticed a phantasmal warrior
  6519 | D:10     | Noticed a storm dragon
  6520 | D:10     | Noticed a sphinx
  6521 | D:10     | Killed a flayed ghost
  6523 | D:10     | Killed a flayed ghost
  6523 | D:10     | Received a gift from Okawaru
  6530 | D:10     | Slain by a komodo dragon

Levels and vault maps discovered:
D:1:      erik_arrival_orb_chamber, layout_basic,
          hangedman_abyss_or_decor_lesser_grid, nemelex_diamond_rough_becter
D:2:      minmay_roachtagon, layout_basic, minmay_temple_entry_statues_fountains
D:3:      layout_basic, nicolae_overflow_hidden_temple,
          gammafunk_temple_overflow_wave, gammafunk_ghost_smash,
          minmay_misc_feat_iff, kennysheep_generic_room_7
D:4:      layout_basic, first_ration, hangedman_decor_push, serial_bayou_pond_c,
          uniq_edmund, uniq_robin
D:5:      layout_basic, nicolae_ru_sacrificial_ziggurat
D:6:      layout_rooms, lemuel_zombie_altar_kikubaaqudgha, cheibriados_altar_1
D:7:      layout_cave_pods, led_sif_pool, serial_shops, nicolae_shop_waterfront
D:8:      layout_basic, uniq_grum, uniq_joseph
D:9:      layout_basic, grunt_tough_drop
D:10:     evilmike_zot_entry_diamond, layout_irregular_city,
          hangedman_fish_farm, door_vault
Temple:   lightli_temple_of_artemis

Skill      XL: |  1  2  3  4  5  6  7  8  9 10 11 |
---------------+----------------------------------+-----
Evocations     | 1 2 3 5 6 |  6.8
Maces & Flails | 2 3 4 6 8 10 | 10.8
Dodging        | 1 2 |  2.0
Invocations    | 1 2 4 5 6 7 |  7.9
Armour         | 4 5 6 |  6.4
Fighting       | 4 5 6 |  6.8
Long Blades    | |  2.9
Throwing       | |  0.7
Shields        | |  3.7

Action                   |  1- 3 |  4- 6 |  7- 9 | 10-12 || total
-------------------------+-------+-------+-------+-------++-------
Melee: Long sword        |   112 |     3 |       |       ||   115
       Dire flail        |       |    89 |   215 |   215 ||   519
Throw: Boomerang         |       |       |       |     2 ||     2
Invok: Heroism           |       |       |       |     2 ||     2
       Finesse           |       |       |       |     1 ||     1
Evoke: Lamp of fire      |     1 |     1 |       |     1 ||     3
       Tin of tremorston |       |       |       |     3 ||     3
       Wand              |       |       |       |     1 ||     1
       Phantom mirror    |       |       |       |     1 ||     1
  Use: Scroll            |       |       |     2 |     1 ||     3
       Potion            |       |       |       |     2 ||     2
  Eat: Chunk             |     1 |    16 |     7 |     7 ||    31
Armor: Scale mail        |     6 |       |       |       ||     6
       Chain mail        |    66 |    32 |       |       ||    98
       Plate armour      |       |    34 |   147 |   184 ||   365
Dodge: Dodged            |    34 |    44 |    64 |   117 ||   259
Block: Kite shield       |    54 |     1 |       |       ||    55
       Rpst.: Long sword |     7 |       |       |       ||     7
